Map: Ruins of Seras

Players

Beastyqt

  • Race: Terran Terran
  • League: Master

HuK - Winner!

  • Race: Protoss Protoss
  • League: Grandmaster

Event: DreamHack ZOWIE Open Leipzig

VOD

Have the link to the VOD?

Description

Time

  • Played on: Jan. 22, 2016, 10:46 a.m.
  • Length: 6:18

All games in this series

Show
View Real Time Build Order
Export as new Build Order

Beastyqt Terran 

Build Orders: 1/1/1, Liberator Opening 

Get SALT Encoding   

  12  0:00  SCV  
  13  0:12  SCV  
  14  0:18  Supply Depot  
  14  0:25  SCV  
  15  0:31  Refinery  
  15  0:39  SCV  
  16  0:45  Barracks  
  16  0:51  SCV  
  17  1:03  SCV  
  18  1:16  SCV  
  19  1:29  Refinery  
  19  1:32  Marine, Orbital Command  
  20  1:35  Factory  
  20  1:43  Supply Depot  
  20  1:57  SCV, Barracks Reactor  
  21  2:10  SCV  
  22  2:18  Starport  
  22  2:19  Supply Depot  
  22  2:21  Widow Mine  
  24  2:25  SCV  
  25  2:35  Marine x2  
  27  2:38  SCV  
  27  2:44  Supply Depot  
  28  2:50  SCV  
  29  2:53  Marine x2  
  29  2:56  Medivac  
  33  3:01  Widow Mine  
  33  3:04  SCV  
  36  3:09  Liberator  
  36  3:12  Marine x2  
  41  3:39  Command Center  
  41  3:41  SCV  
  41  3:46  Supply Depot  
  42  3:51  Marine  
  42  3:52  Marine  
  44  4:01  SCV  
  44  4:15  Barracks  
  44  4:17  Barracks  
  44  4:18  Factory Tech Lab  
  44  4:19  SCV  
  44  4:21  Starport Tech Lab  
  43  4:30  Marine x2  
  45  4:31  SCV  
  45  4:46  SCV  
  45  4:48  Marine  
  45  4:52  Orbital Command  
  47  4:55  Widow Mine  
  47  5:00  SCV  
  47  5:08  Engineering Bay, Marine x2  
  47  5:12  Barracks  
  47  5:13  Marine x2  
  49  5:18  Orbital Command  
  49  5:23  Starport Reactor  
  49  5:26  Marine  
  48  5:36  Missile Turret, Marine  
  48  5:39  SCV  
  50  5:43  Marine  
  50  5:44  Marine  
  52  5:50  Marine  
  52  5:54  Marine  
  52  5:56  Missile Turret  
  49  5:58  Marine  
  50  6:04  SCV  
Show
View Real Time Build Order
Export as new Build Order

HuK Protoss - Winner!

Build Orders: Nexus First, Phoenix Opening 

Get SALT Encoding   

  12  0:00  Probe (Chrono Boost)  
  13  0:11  Probe (Chrono Boost)  
  14  0:18  Pylon  
  14  0:22  Probe (Chrono Boost)  
  15  0:36  Probe (Chrono Boost)  
  16  0:47  Probe (Chrono Boost)  
  17  0:58  Nexus  
  17  1:08  Gateway  
  17  1:11  Probe (Chrono Boost)  
  18  1:18  Assimilator  
  18  1:22  Probe (Chrono Boost)  
  19  1:26  Assimilator  
  20  1:33  Probe (Chrono Boost)  
  20  1:39  Gateway  
  20  1:43  Probe (Chrono Boost)  
  21  1:54  Probe (Chrono Boost)  
  22  1:56  Cybernetics Core  
  22  2:04  Probe (Chrono Boost)  
  23  2:10  Probe (Chrono Boost)  
  23  2:15  Probe (Chrono Boost)  
  25  2:21  Probe (Chrono Boost)  
  26  2:25  Probe (Chrono Boost), Warp Gate  
  27  2:32  Adept x2 (Chrono Boost)  
  27  2:36  Probe  
  33  2:42  Stargate  
  32  2:44  Probe (Chrono Boost)  
  32  2:48  Probe (Chrono Boost)  
  34  2:53  Pylon  
  35  2:59  Probe (Chrono Boost)  
  35  3:03  Mothership Core (Chrono Boost)  
  37  3:10  Probe (Chrono Boost)  
  38  3:13  Gateway  
  38  3:20  Probe (Chrono Boost)  
  38  3:21  Probe (Chrono Boost)  
  38  3:23  Assimilator  
  40  3:28  Phoenix (Chrono Boost)  
  40  3:31  Probe  
  40  3:32  Stalker  
  45  3:38  Pylon  
  45  3:50  Probe  
  46  3:56  Stalker, Probe  
  46  4:00  Phoenix (Chrono Boost)  
  48  4:12  Probe x2  
  50  4:18  Oracle (Chrono Boost)  
  50  4:23  Forge  
  53  4:24  Probe  
  53  4:27  Pylon  
  53  4:30  Pylon  
  54  4:40  Probe  
  54  4:41  Assimilator  
  54  4:42  Probe  
  54  4:47  Twilight Council  
  54  4:50  Gateway  
  54  4:52  Probe  
  54  4:54  Probe  
  54  4:55  Phoenix  
  57  5:04  Probe, Adept x2  
  57  5:06  Probe  
  63  5:16  Probe  
  63  5:18  Probe  
  63  5:20  Photon Cannon  
  65  5:23  Phoenix  
  67  5:29  Probe  
  67  5:30  Probe  
  69  5:42  Forge  
  69  5:45  Photon Cannon  
  69  5:52  Probe  
  69  5:54  Pylon  

Tags
 
Add a new tag
Caveats
  • Supply blocks, unpowered buildings, or Contaminate may cause inaccurate times.
  • Supply counts are checked every 10 seconds.